 Dungeon Crawl Stone Soup version 0.31-a0-204-g7da18cac08 (webtiles) character file.

Game seed: 7043848738936539374

995 qw the Skirmisher (level 7, -1/40 HPs)
             Began as a Deep Elf Hunter on June 27, 2023.
             Slain by Duvessa
             ... wielding a +2 short sword of protection
              (9 damage)
             ... on level 5 of the Dungeon.
             The game lasted 00:01:33 (3295 turns).

qw the Skirmisher (Deep Elf Hunter)                 Turns: 3295, Time: 00:01:33

Health: -1/40      AC:  5    Str: 16    XL:     7   Next: 99%
Magic:  9/9        EV: 20    Int: 14    God:
Gold:   264        SH:  0    Dex: 18    Spells: 6/6 levels left

rFire   + . .        Y - +0 shortbow
rCold   + . .        (shield currently unavailable)
rNeg    . . .        g - +2 robe {rC+ rF+}
rPois   .            l - +0 helmet
rElec   .            (no cloak)
rCorr   .            (no gloves)
SInv    .            (no boots)
Will    .....        e - amulet of regeneration
Stlth   ++           c - +5 ring of evasion
HPRegen 1.06/turn    k - +6 ring of strength
MPRegen 0.11/turn

%: no passive effects
@: about to teleport
A: no striking features
a: no special abilities


You were on level 5 of the Dungeon.
You visited 1 branch of the dungeon, and saw 5 of its levels.

You collected 264 gold pieces.


   Skills:
 - Level 2.0 Fighting
 + Level 11.7 Ranged Weapons
 - Level 5.5 Dodging
 - Level 1.2 Stealth


You had 6 spell levels left.
You didn't know any spells.
Your spell library was empty.

Inventory:

Hand Weapons
 Y - a +0 shortbow (weapon)
Armour
 g - a +2 robe of resistance (worn)
 i - a +0 ring mail
 l - a +0 helmet (worn)
Jewellery
 c - a +5 ring of evasion (left hand)
 e - an amulet of regeneration (around neck)
 k - a +6 ring of strength (right hand)
Potions
 b - a potion of brilliance {unknown}
 d - a potion of berserk rage {unknown}
 f - a potion of degeneration {unknown}
 h - a potion of mutation {unknown}
 m - a potion of invisibility {unknown}
 n - a potion of cancellation {unknown}
 o - a potion of curing {unknown}

Dungeon Overview and Level Annotations

Branches:
Dungeon (5/15)
 Temple: D:4-7

Altars:
Fedhas
Gozag
Kikubaaqudgha
Sif Muna
Xom
Zin

Annotations:
D:5 Dowan, Duvessa


Message History

The arrow hits Duvessa but does no damage.
Duvessa is heavily wounded.
Duvessa completely misses you.
You shoot an arrow. The arrow hits Duvessa.
Duvessa is severely wounded.
Duvessa hits you with a +2 short sword of protection.
Dowan misses you.
You shoot an arrow.
The arrow hits Duvessa but does no damage.
Duvessa is severely wounded.
Duvessa completely misses you. Dowan misses you.
You shoot an arrow. The arrow closely misses Duvessa.
Duvessa completely misses you. Dowan closely misses you.
Duvessa hits you with a +2 short sword of protection.
You shoot an arrow.
The arrow hits Duvessa but does no damage.
Duvessa is severely wounded.
Duvessa hits you but does no damage.
Dowan says, "Stay away from my face!"
Dowan closely misses you.
You shoot an arrow.
The arrow hits Duvessa but does no damage.
Duvessa is severely wounded.
Duvessa hits you with a +2 short sword of protection.
You shoot an arrow. The arrow hits Duvessa!
Duvessa is almost dead.
Duvessa hits you with a +2 short sword of protection.
Dowan hits you with a +0 dagger.
3293 ||| READING scroll of teleportation.
As you read the scroll of teleportation, it crumbles to dust.
You feel strangely unstable.
Duvessa hits you with a +2 short sword of protection.
Dowan barely misses you. Duvessa completely misses you.
You shoot an arrow. The arrow barely misses Duvessa.
Dowan completely misses you. Duvessa closely misses you.
You shoot an arrow.
The arrow hits Duvessa but does no damage.
Duvessa is almost dead.
Duvessa hits you with a +2 short sword of protection!
You die...

......) ..$....
## ....... #.
.$..... #. .....
#.#... #.ee####
...
##@..<.###....
#..###...(....
###.###.........
#.(.###.####....
#.......# ...
######### .. .


You could see Duvessa (fast) and Dowan.

Vanquished Creatures
  Sigmund (D:4)
  An ice beast (D:5)
  2 black bears (D:4)
  A phantom (D:4)
  A scorpion (D:4)
  2 hounds (D:4)
  2 sleepcaps
  Jessica (D:3)
  Terence (D:3)
  5 orc wizards (D:4)
  Robin (D:3)
  3 adders
  2 worms (D:3)
  9 orcs
  4 bats
  2 endoplasms
  5 giant cockroaches
  14 goblins
  7 hobgoblins
  14 jackals
  5 kobolds
  A quokka (D:1)
  6 ball pythons
  4 frilled lizards
  2 rats
96 creatures vanquished.

Notes
Turn   | Place    | Note
-------+----------+-------------------------------------------
     0 | D:1      | qw the Deep Elf Hunter began the quest for the Orb.
     0 | D:1      | Reached XP level 1. HP: 12/12 MP: 3/3
     0 | D:1      | 0 ||| qw: Version: 0.3-a-22-g0ed2b0b
     0 | D:1      | 0 ||| qw: Game counter: 6383
     0 | D:1      | 0 ||| qw: Melee chars always use a shield: true
     0 | D:1      | 0 ||| qw: God list: Okawaru
     0 | D:1      | 0 ||| qw: Allow faded altars: false
     0 | D:1      | 0 ||| qw: Do Orc after clearing Dungeon:15 true
     0 | D:1      | 0 ||| qw: Do second Lair branch before Depths: true
     0 | D:1      | 0 ||| qw: Lair rune preference: random
     0 | D:1      | 0 ||| qw: Goals: Normal
     0 | D:1      | 0 ||| PLANNING D:1-11
   243 | D:1      | Reached XP level 2. HP: 16/16 MP: 4/4
   308 | D:1      | Reached skill level 6 in Ranged Weapons
   554 | D:1      | 554 ||| UPGRADING to +0 ring mail.
   564 | D:1      | 564 ||| DROPPING +0 leather armour.
   565 | D:1      | 565 ||| READING 2 scrolls labelled BOARYB MOTAT.
   568 | D:1      | 568 ||| READING scroll labelled CUNEIDISOA.
   569 | D:1      | 569 ||| READING scroll labelled ESIN JEL OREOCK.
   570 | D:1      | 570 ||| READING scroll labelled ROMUFAB BIPS.
   571 | D:1      | 571 ||| DROPPING scroll of butterflies.
   801 | D:2      | Reached XP level 3. HP: 20/20 MP: 5/5
   912 | D:2      | Reached skill level 7 in Ranged Weapons
  1029 | D:2      | Reached XP level 4. HP: 23/25 MP: 6/6
  1102 | D:2      | Found a shimmering altar of Xom.
  1291 | D:2      | 1291 ||| UPGRADING to +2 robe of resistance.
  1301 | D:2      | 1301 ||| UPGRADING to amulet of regeneration.
  1306 | D:2      | 1306 ||| UPGRADING to +5 ring of evasion.
  1384 | D:3      | Found an opulent altar of Gozag.
  1384 | D:3      | Found a glowing silver altar of Zin.
  1570 | D:3      | Noticed Jessica
  1571 | D:3      | Killed Jessica
  1572 | D:3      | Reached skill level 8 in Ranged Weapons
  1590 | D:3      | Found an ancient bone altar of Kikubaaqudgha.
  1592 | D:3      | Noticed Terence
  1604 | D:3      | Killed Terence
  1605 | D:3      | Reached skill level 3 in Dodging
  1605 | D:3      | Reached XP level 5. HP: 13/29 MP: 7/7
  1742 | D:3      | Noticed Robin
  1755 | D:3      | Killed Robin
  2087 | D:3      | 2087 ||| UPGRADING to +0 helmet.
  2092 | D:3      | 2092 ||| DROPPING amulet of magic regeneration.
  2093 | D:3      | 2093 ||| READING scroll labelled DAET BEPOU.
  2094 | D:3      | 2094 ||| READING scroll labelled PACKIHUARUY.
  2142 | D:4      | Noticed a black bear
  2163 | D:4      | Killed a black bear
  2164 | D:4      | Reached skill level 9 in Ranged Weapons
  2213 | D:4      | Reached XP level 6. HP: 32/35 MP: 8/8
  2266 | D:4      | Found a shimmering blue altar of Sif Muna.
  2347 | D:4      | Reached skill level 10 in Ranged Weapons
  2390 | D:4      | Found a blossoming altar of Fedhas.
  2462 | D:4      | Noticed Sigmund
  2465 | D:4      | 2465 ||| FLEEEEING.
  2479 | D:4      | Killed Sigmund
  2480 | D:4      | Reached XP level 7. HP: 40/40 MP: 9/9
  2663 | D:4      | Reached skill level 11 in Ranged Weapons
  3091 | D:4      | 3091 ||| UPGRADING to +6 ring of strength.
  3092 | D:4      | 3092 ||| READING scroll labelled QUVUFUSACK.
  3223 | D:5      | Entered Level 5 of the Dungeon
  3276 | D:5      | Noticed Duvessa
  3276 | D:5      | Noticed Dowan
  3292 | D:5      | HP: 9/40 [Duvessa/+2 short sword of protection (6)]
  3293 | D:5      | 3293 ||| READING scroll of teleportation.
  3295 | D:5      | Slain by Duvessa

Levels and vault maps discovered:
D:1:      dpeg_arrival_long_road, layout_basic
D:2:      layout_loops_ring, basic_altar
D:3:      layout_basic, grunt_temple_overflow_gold_and_silver,
          mainiacjoe_overflow_small_starburst, uniq_jessica, uniq_robin,
          uniq_terence
D:4:      layout_gridville, mainiacjoe_overflow_concentric_impassable,
          kennysheep_orc_sif_temple, uniq_sigmund
D:5:      layout_rooms, general_overflow_altar, uniq_duvessa

Skill      XL: |  1  2  3  4  5  6  7 |
---------------+----------------------+-----
Ranged Weapons | 6 7 8 9 10 11 | 11.7
Dodging        | 3 5 |  5.5
Fighting       | 2 |  2.0
Stealth        | |  1.2

Action                     |  1- 3 |  4- 6 |  7- 9 || total
---------------------------+-------+-------+-------++-------
   Fire: Shortbow          |    91 |   181 |   125 ||   397
    Use: Scroll            |     4 |     2 |     2 ||     8
 Armour: Ring mail         |     9 |       |       ||     9
         Leather armour    |     1 |       |       ||     1
         Robe              |       |    22 |     8 ||    30
  Dodge: Dodged            |    31 |    65 |    53 ||   149

Table legend:
 A = Non-vault XP
 B = Vault XP
 C = Vault XP percentage of total XP
 D = Non-vault monster count
 E = Vault monster count
 F = Vault count percentage of total count
                 A         B        C        D         E       F
            +---------+---------+-------+---------+---------+-------
      Total |     978 |     444 |  31.2 |      78 |      18 |  18.8
            +---------+---------+-------+---------+---------+-------
        D:1 |      18 |       0 |   0.0 |      11 |       0 |   0.0
        D:2 |      83 |       0 |   0.0 |      27 |       0 |   0.0
        D:3 |      34 |     106 |  75.7 |      10 |      13 |  56.5
        D:4 |     673 |     338 |  33.4 |      28 |       5 |  15.2
        D:5 |     170 |       0 |   0.0 |       2 |       0 |   0.0
            +---------+---------+-------+---------+---------+-------
